 Dungeon Crawl Stone Soup version 0.26.0-5-gb5863c6483 (webtiles) character file.

Game seed: 16159404524808204805

287 Froggeryz the Firebug (level 6, 0/32 HPs)
             Began as a Deep Elf Fire Elementalist on Jan 10, 2021.
             Was a Believer of Kikubaaqudgha.
             Slain by an orc
             ... wielding a +0 flail
              (5 damage)
             ... on level 4 of the Dungeon.
             The game lasted 00:05:52 (3854 turns).

Froggeryz the Firebug (Deep Elf Fire Elementalist)  Turns: 3854, Time: 00:05:53

Health: 0/32       AC:  2    Str:  6    XL:     6   Next: 8%
Magic:  5/12       EV: 13    Int: 21    God:    Kikubaaqudgha [**....]
Gold:   75         SH:  6    Dex: 15    Spells: 7/11 levels left

rFire    + . .     SeeInvis .   h - +0 short sword
rCold    . . .     Faith    .   g - +1 buckler
rNeg     . . .     Spirit   .   a - +0 robe
rPois    .         Reflect  .   (no helmet)
rElec    .         Harm     .   (no cloak)
rCorr    .         Rampage  .   (no gloves)
Will     .....                  (no boots)
Stlth    ++........             (no amulet)
HPRegen  0.10/turn              r - ring of protection from fire
MPRegen  0.13/turn              (no ring)

@: no status effects
A: no striking features
a: Renounce Religion, Receive Corpses


You were on level 4 of the Dungeon.
You worshipped Kikubaaqudgha.
Kikubaaqudgha was pleased with you.
You visited 1 branch of the dungeon, and saw 4 of its levels.

You collected 75 gold pieces.

Inventory:

Hand Weapons
 h - a +0 short sword (weapon)
Armour
 a - a +0 robe (worn)
 g - a +1 buckler (worn)
Jewellery
 j - an uncursed ring of resist corrosion {unknown}
 r - a ring of protection from fire (left hand)
Wands
 n - a wand of digging (7)
Scrolls
 d - 2 scrolls of teleportation {unknown}
 e - a scroll of enchant armour
 f - 2 scrolls of amnesia {unknown}
 i - a scroll of noise {unknown}
 o - a scroll of identify {unknown}
Potions
 b - a potion of heal wounds {unknown}
 c - 4 potions of curing {unknown}
 k - 2 potions of attraction {unknown}
 l - a potion of might {unknown}
 m - 2 potions of haste {unknown}
 q - a potion of cancellation {unknown}


   Skills:
 - Level 2.4 Dodging
 - Level 2.4 Stealth
 + Level 3.0 Shields
 - Level 3.0 Spellcasting
 - Level 2.2 Conjurations
 + Level 5.8 Fire Magic


You had 7 spell levels left.
You knew the following spells:

 Your Spells              Type           Power        Failure   Level
a - Foxfire               Conj/Fire      80%          2%          1
b - Conjure Flame         Conj/Fire      20%          9%          3

Your spell library contained the following spells:

 Spells                   Type           Power        Failure   Level
 Pain                     Necr           12%          14%         1
 Inner Flame              Hex/Fire       15%          14%         3
 Corpse Rot               Necr/Air       N/A          22%         2
 Sublimation of Blood     Necr           1%           22%         2
 Sticky Flame             Conj/Fire      20%          28%         4
 Vampiric Draining        Necr           1%           41%         3
 Fireball                 Conj/Fire      10%          61%         5


Dungeon Overview and Level Annotations

Branches:
Dungeon (4/15)
 Temple: D:4-7

Altars:
Kikubaaqudgha


Message History

The orc is heavily wounded.
Your Shields skill increases to level 3!
You have reached level 6!
Your experience leads to an increase in your attributes!
Increase (S)trength, (I)ntelligence, or (D)exterity?
You feel stronger.
Casting: Foxfire (safe; 2% risk of failure)
Confirm with . or Enter, or press ? or * to list all spells.
You conjure some foxfire!
The orc hits you but does no damage. The orc barely misses you.
You hit the orc but do no damage.
The orc is heavily wounded.
The foxfire hits the orc.
You kill the orc!
Kikubaaqudgha accepts your kill.
The foxfire hits the orc but does no damage.
The orc is lightly wounded.
The orc hits you with a +0 flail.
You die...
Kikubaaqudgha rasps: "You have failed me!
Welcome... death!"

......##......#
#.............#
#.........B...#
#.............#
#.............#
#.........[...#
#......†......#
......o).......
#......@##########
#.....§.....##....
########.......#
..............#
########'#....#
#.#.<..# #.#....#
#.#....# #.#....#


You could see a worker ant (asleep) and an orc.

Vanquished Creatures
  An ogre (D:2)
  A scorpion (D:4)
  Terence (D:3)
  4 adders
  5 worms
  3 leopard geckos (D:3)
  6 orcs
  4 giant cockroaches
  4 hobgoblins (D:1)
  4 jackals (D:3)
  2 ball pythons (D:2)
  12 bats
  4 frilled lizards
  12 goblins
  7 kobolds
  5 rats
75 creatures vanquished.

Vanquished Creatures (others)
  191 foxfires
191 creatures vanquished.

Grand Total: 266 creatures vanquished

Notes
Turn   | Place    | Note
-------+----------+-------------------------------------------
     0 | D:1      | Froggeryz the Deep Elf Fire Elementalist began the quest
                  | for the Orb.
     0 | D:1      | Reached XP level 1. HP: 10/10 MP: 6/6
   153 | D:1      | Reached XP level 2. HP: 15/15 MP: 4/8
   845 | D:2      | Reached skill level 4 in Fire Magic
   845 | D:2      | Reached XP level 3. HP: 8/19 MP: 5/9
  1497 | D:2      | Noticed an ogre
  1508 | D:2      | Killed an ogre
  1509 | D:2      | Reached XP level 4. HP: 24/24 MP: 3/10
  1699 | D:2      | Reached skill level 5 in Fire Magic
  1699 | D:2      | Reached XP level 5. HP: 28/28 MP: 6/11
  2023 | D:2      | Found a faded altar of an unknown god.
  2141 | D:2      | Became a worshipper of Kikubaaqudgha
  2141 | D:2      | Reached * piety under Kikubaaqudgha
  2141 | D:2      | Identified Kikubaaqudgha's Collected Works on Stolen Souls
                  | (Kikubaaqudgha gifted it to you on level 2 of the Dungeon)
  2141 | D:2      | Received a gift from Kikubaaqudgha
  2147 | D:2      | Learned a level 3 spell: Conjure Flame
  2234 | D:3      | Noticed Terence
  2248 | D:3      | Killed Terence
  3355 | D:3      | Reached ** piety under Kikubaaqudgha
  3853 | D:4      | Reached XP level 6. HP: 5/32 MP: 6/12
  3854 | D:4      | Slain by an orc

Illustrated notes

Levels and vault maps discovered:
D:1:      amcnicky_arrival_feature_with_door, layout_rooms
D:2:      layout_rooms, chequers_ecumenical_altar_grove
D:3:      layout_basic, grunt_ministairs_7, chequers_mini_garden, uniq_terence
D:4:      lemuel_castle_with_subvaults [lemuel_castle_interior_carwin_1],
          layout_basic, grunt_temple_overflow_open, uniq_edmund, uniq_natasha

Skill      XL: |  1  2  3  4  5 |
---------------+----------------+-----
Conjurations   | 2 |  2.2
Fire Magic     | 4 5 |  5.8
Shields        | 2 3 |  3.0
Dodging        | |  2.4
Stealth        | |  2.4
Spellcasting   | |  3.0

Action                   |  1- 3 |  4- 6 || total
-------------------------+-------+-------++-------
Melee: Unarmed           |    24 |       ||    24
       Short sword       |    11 |    51 ||    62
 Cast: Foxfire           |    47 |    70 ||   117
  Use: Scroll            |     2 |     1 ||     3
 Stab: Sleeping          |     3 |     2 ||     5
Armor: Robe              |     5 |     6 ||    11
Dodge: Dodged            |    35 |    43 ||    78
Block: Buckler           |       |     2 ||     2
